 Dungeon Crawl Stone Soup version 0.27-a0-1548-gf8a67e7463 (webtiles) character file.

Game seed: 15373437345925690106

564 dolemite99 the Ruffian (level 7, -4/67 HPs)
             Began as a Troll Abyssal Knight on July 14, 2021.
             Was a Priest of Lugonu.
             Killed from afar by a white imp (14 damage)
             ... with a puff of frost
             ... summoned by Eustachio
             ... in the Ecumenical Temple.
             The game lasted 00:03:28 (2779 turns).

dolemite99 the Ruffian (Troll Abyssal Knight)       Turns: 2779, Time: 00:03:29

Health: -4/67      AC:  4    Str: 23    XL:     7   Next: 10%
Magic:  7/7        EV:  9    Int:  8    God:    Lugonu [***...]
Gold:   126        SH:  0    Dex:  9    Spells: 6/6 levels left

rFire    . . .     SeeInvis .     - Unarmed
rCold    . . .     Faith    .   (no shield)
rNeg     . . .     Spirit   .   a - +0 robe
rPois    .         Reflect  .   (helmet restricted)
rElec    .         Harm     .   (no cloak)
rCorr    .         Rampage  .   (gloves unavailable)
Will     .....                  (boots unavailable)
Stlth    +.........             (no amulet)
HPRegen  1.21/turn              (no ring)
MPRegen  0.10/turn              (no ring)

@: no status effects
A: large, unfitting armour, claws 3, regeneration 1, shaggy fur 1, tough skin 1
a: Renounce Religion, Depart the Abyss, Bend Space, Banish


You were in the Ecumenical Temple.
You worshipped Lugonu.
Lugonu was most pleased with you.
You visited 2 branches of the dungeon, and saw 6 of its levels.
You visited the Abyss 1 time.

You collected 126 gold pieces.

Inventory:

Armour
 a - a +0 robe (worn)
Wands
 f - a wand of iceblast (6)
Scrolls
 d - 2 scrolls of torment {unknown}
 e - a scroll of noise {unknown}
 h - 2 scrolls of fog {unknown}
 k - 3 scrolls of magic mapping {unknown}
 l - a scroll of fear {unknown}
 m - a scroll of enchant armour {unknown}
 n - a scroll of amnesia {unknown}
 o - a scroll of teleportation {unknown}
Potions
 b - a potion of ambrosia {unknown}
 c - a potion of berserk rage {unknown}
 g - a potion of might {unknown}
 i - a potion of attraction
 j - a potion of brilliance {unknown}
 p - a potion of curing


   Skills:
 + Level 3.5 Fighting
 - Level 1.9 Dodging
 * Level 5.8 Unarmed Combat
 - Level 1.5 Invocations
 - Level 2.9 Evocations


You had 6 spell levels left.
You didn't know any spells.
Your spell library contained the following spells:

 Spells                   Type           Power      Damage    Failure   Level
 Corona                   Hex            0%         N/A       41%         1
 Blink                    Tloc           N/A        N/A       54%         2
 Ensorcelled Hibernation  Hex/Ice        0%         N/A       54%         2
 Passwall                 Tmut/Erth      0%         N/A       54%         2
 Lesser Beckoning         Tloc           0%         N/A       78%         3
 Ozocubu's Armour         Ice            0%         N/A       78%         3
 Swiftness                Air            0%         N/A       78%         3
 Tukima's Dance           Hex            0%         N/A       78%         3
 Manifold Assault         Tloc           0%         N/A       100%        5
 Invisibility             Hex            0%         N/A       100%        6
 Ozocubu's Refrigeration  Ice            0%         4d5       100%        7


Dungeon Overview and Level Annotations

Branches:
Dungeon (5/15)             Temple (1/1) D:5

Altars:
Cheibriados
Nemelex Xobeh
Qazlal
Ru
Sif Muna
Vehumet
Wu Jian

Annotations:
D:3 exclusion: statue
Temple Eustachio


Innate Abilities, Weirdness & Mutations

You are too large for most types of armour.
You have claws for hands.
Your natural rate of healing is unusually fast.
You are covered in fur. (AC +1)
You have tough skin. (AC +1)


Message History

You scratch Eustachio.
Eustachio is lightly wounded.
The rat barely misses you.
The river rat bites you but does no damage.
The orc hits you with a +0 short sword.
Eustachio screams, "Hey, you killed my favourite bat!"
Eustachio mumbles some strange words.
You closely miss Eustachio.
Eustachio is lightly wounded.
The rat misses you. The river rat completely misses you.
The orc hits you with a +0 short sword. Eustachio barely misses you.
You claw Eustachio!
Eustachio is moderately wounded.
The white imp shouts, "Fly, thou quaking sow-suckled erk!"
The rat bites you but does no damage. The river rat barely misses you.
The orc hits you but does no damage. Eustachio hits you with a +0 falchion!
You scratch Eustachio but do no damage.
Eustachio is moderately wounded.
The white imp gestures at you. The puff of frost hits you.
The white imp shouts, "Remove thy stench, thou worthless fool-born bounder!"
The white imp hits you. The white imp freezes you. The rat barely misses you.
The river rat bites you. The orc hits you with a +0 short sword.
Eustachio hits you with a +0 falchion!
You claw Eustachio!
Eustachio is heavily wounded.
The white imp hits you but does no damage. x2
The rat twitches its whiskers.
The rat bites you but does no damage. The river rat bites you.
The orc barely misses you. Eustachio hits you with a +0 falchion.
* * * LOW HITPOINT WARNING * * *
You barely miss Eustachio.
Eustachio is heavily wounded.
The white imp hits you.
* * * LOW HITPOINT WARNING * * *
The white imp freezes you.
* * * LOW HITPOINT WARNING * * *
The white imp gestures at you. The puff of frost hits you!
You die...

≈§§≈§≈≈...§≈≈≈≈§§
≈≈≈≈≈≈.....≈≈≈§≈§§
§§≈≈≈.......≈§§≈§§
§≈§≈.........≈≈≈§§
≈≈≈.....<.....≈≈≈≈
≈≈.....).......§≈≈
≈...............≈≈
..........o......≈
.........5@r......
.._......5@r.._...
..................
..................
..................
......._.........
................
...............


You could see Eustachio, a river rat (summoned), 2 white imps, an orc and a rat
(summoned).

Vanquished Creatures
  2 ogres (D:4)
  2 wights (D:4)
  A centaur skeleton (D:4)
  A hound (D:4)
  2 orc priests
  A bullfrog skeleton (D:5)
  An iron imp (Abyss:1)
  An iguana (D:4)
  4 adders
  2 worms
  A dart slug (D:3)
  8 orcs
  6 endoplasms
  3 giant cockroaches
  3 goblins
  5 hobgoblins
  5 jackals
  A quokka (D:3)
  5 ball pythons
  5 bats
  6 kobolds
  3 rats
68 creatures vanquished.

Vanquished Creatures (others)
  8 plants (D:2)
8 creatures vanquished.

Grand Total: 76 creatures vanquished

Notes
Turn   | Place    | Note
-------+----------+-------------------------------------------
     0 | Abyss:1  | dolemite99 the Troll Abyssal Knight began the quest for the
                  | Orb.
     0 | Abyss:1  | Reached XP level 1. HP: 22/22 MP: 1/1
     5 | Abyss:1  | Found a corrupted altar of Lugonu.
    64 | Abyss:1  | Noticed a blink frog
    69 | Abyss:1  | Noticed an iron imp
    81 | Abyss:1  | Killed an iron imp
    82 | Abyss:1  | Reached skill level 3 in Unarmed Combat
    82 | Abyss:1  | Reached XP level 2. HP: 23/29 MP: 2/2
    84 | D:1      | Escaped the Abyss
    96 | D:1      | Reached XP level 3. HP: 36/36 MP: 3/3
   163 | D:1      | You fall into a shaft and drop 1 floor!
   967 | D:3      | Reached skill level 1 in Evocations
   995 | D:3      | Reached XP level 4. HP: 30/44 MP: 4/4
   995 | D:3      | Reached ** piety under Lugonu
  1114 | D:3      | Found a sacrificial altar of Ru.
  1315 | D:3      | Found a stormy altar of Qazlal.
  1547 | D:3      | Found a radiant altar of Vehumet.
  1547 | D:3      | Noticed a charred statue
  1848 | D:4      | Noticed an ogre
  1854 | D:4      | Killed an ogre
  1855 | D:4      | Reached XP level 5. HP: 50/50 MP: 5/5
  1860 | D:4      | Noticed an ogre
  1866 | D:4      | Killed an ogre
  1867 | D:4      | Reached skill level 4 in Unarmed Combat
  1867 | D:4      | Reached XP level 6. HP: 32/59 MP: 6/6
  1976 | D:4      | Reached skill level 5 in Unarmed Combat
  2117 | D:4      | Reached *** piety under Lugonu
  2271 | D:4      | Found an ornate altar of the Wu Jian Council.
  2360 | D:5      | Entered Level 5 of the Dungeon
  2657 | D:5      | Reached XP level 7. HP: 61/67 MP: 7/7
  2660 | D:5      | Found a staircase to the Ecumenical Temple.
  2663 | D:5      | Noticed Eustachio
  2706 | Temple   | Entered the Ecumenical Temple
  2779 | Temple   | Killed from afar by a white imp

Illustrated notes

Levels and vault maps discovered:
D:1:      scummos_arrival_hexagon, layout_basic, minmay_misc_feat_room,
          hex_intersection, st_stairs_1
D:2:      wad_lake_hut, layout_basic, corexii_corridor_pit
D:3:      layout_basic, hangedman_ru_absence, vehumet_statue, marbit_many_paths,
          ebering_dispersal_statue_hall
D:4:      layout_gridville, nzn_wu_jian_council_hall, minmay_pentangle
D:5:      layout_loops_ring, minmay_temple_entry_grid, uniq_eustachio
Temple:   compressed_dpeg_triangle_lava_temple

Skill      XL: |  1  2  3  4  5  6 |
---------------+-------------------+-----
Unarmed Combat | 3 4 5 |  5.8
Evocations     | 1 2 |  2.9
Fighting       | 3 |  3.5
Dodging        | |  1.9
Invocations    | |  1.5

Action                   |  1- 3 |  4- 6 |  7- 9 || total
-------------------------+-------+-------+-------++-------
Melee: Unarmed           |    55 |   133 |    36 ||   224
       Punch             |     1 |     2 |     1 ||     4
Invok: Bend Space        |       |     1 |       ||     1
Evoke: Wand              |       |     3 |       ||     3
  Use: Potion            |       |       |     2 ||     2
Armor: Robe              |    24 |    39 |    13 ||    76
Dodge: Dodged            |    28 |    57 |    27 ||   112

Table legend: (Time is in decaauts)
 A = Elapsed time spent in this place.
 B = Non-inter-level travel time spent in this place.
 C = Inter-level travel time spent in this place.
 D = Time resting spent in this place.
 E = Time spent auto-exploring this place.
 F = Levels seen in this place.
 G = Mean time per level.
                   A        B        C        D        E       F      G
               +--------+--------+--------+--------+--------+-----+--------+
         Total |   2805 |   2705 |    100 |    381 |   1682 |   7 |  400.7 |
       Dungeon |   2651 |   2551 |    100 |    328 |   1614 |   5 |  530.2 |
        Temple |     70 |     70 |      0 |     53 |      0 |   1 |   70.0 |
         Abyss |     83 |     83 |      0 |      0 |     68 |   1 |   83.0 |
               +--------+--------+--------+--------+--------+-----+--------+

Top non-repeatable levels by time:
     D:4: 885 daAuts
     D:3: 792 daAuts
     D:2: 777 daAuts
     D:5: 118 daAuts
 Abyss:1: 83 daAuts
     D:1: 77 daAuts
  Temple: 70 daAuts
